 Dungeon Crawl Stone Soup version 0.26.1-2-gb8aa6d0cf2 (webtiles) character file.

Game seed: 5257005701083237576

17865 Brandiur the Slicer (level 12, -2/100 HPs)
             Began as a Vine Stalker Fighter on Feb 12, 2021.
             Was the Champion of Okawaru.
             Slain by an ufetubus (3 damage)
             ... summoned by a ynoxinul
             ... summoned by an orc high priest
             ... on level 2 of the Orcish Mines on Feb 13, 2021.
             The game lasted 00:25:27 (13138 turns).

Brandiur the Slicer (Vine Stalker Fighter)         Turns: 13138, Time: 00:25:27

Health: -2/100     AC:  6    Str: 30    XL:     12   Next: 52%
Magic:  0/19       EV:  2    Int:  9    God:    Okawaru [******]
Gold:   1448       SH: 14    Dex: 17    Spells: 11/11 levels left

rFire    + . .     SeeInvis .   X - +5 dagger of Exquisite Torment {pain, rElec rPois Str+6}
rCold    + . .     Faith    +   h - +1 kite shield {rC+ rF+}
rNeg     + + +     Spirit   +   (armour currently unavailable)
rPois    +         Reflect  .   (helmet currently unavailable)
rElec    +         Harm     .   (cloak currently unavailable)
rCorr    +         Rampage  .   (gloves currently unavailable)
Will     +....     NoTele   +   (boots currently unavailable)
Stlth    +++.......             B - amulet of Haokopal {Faith Dex+4 Slay+2}
HPRegen  1.06/turn              f - +4 ring of protection
MPRegen  0.16/turn              R - ring of resist corrosion

@: mighty, tree-form, heroism, corroded
A: regeneration 2, magic shield, no potion heal 3
a: Renounce Religion, Heroism, Finesse


You were on level 2 of the Orcish Mines.
You worshipped Okawaru.
Okawaru was exalted by your worship.
You were a tree.
You visited 2 branches of the dungeon, and saw 14 of its levels.
You also visited: Sewer.

You collected 1448 gold pieces.

Inventory:

Hand Weapons
 a - a +0 rapier
 e - a +0 dagger of draining
 J - a +2 short sword of draining
 S - a +0 dagger of protection
 X - the +5 dagger of Exquisite Torment (weapon) {pain, rElec rPois Str+6}
   (Okawaru gifted it to you on level 12 of the Dungeon)

   In the hands of one skilled in necromantic magic, it inflicts extra damage on
   living creatures.
   It affects your strength (+6).
   It insulates you from electricity.
   It protects you from poison.
Armour
 c - a +0 kite shield
 d - a cursed +0 pair of boots (melded)
 h - a +1 kite shield of resistance (worn)
 y - a +1 pair of gloves (melded)
 O - a +0 plate armour
 P - the +2 ring mail of Space (melded) {rF++ Slay+2}
   (You found it on level 10 of the Dungeon)

   It affects your accuracy and damage with ranged weapons and melee attacks
   (+2).
   It greatly protects you from fire.
 Q - a +2 hat (melded)
 T - +0 acid dragon scales
Jewellery
 f - a +4 ring of protection (left branch)
 v - the ring "Fiekat" {Wiz +Inv rPois Will- Stlth+}
   (You found it on level 4 of the Dungeon)

   [ring of wizardry]

   It improves your spell success rate.
   It protects you from poison.
   It affects your willpower, your defense against some magical effects.
   It lets you turn invisible.
   It makes you more stealthy.
 B - the amulet of Haokopal (around neck) {Faith Dex+4 Slay+2}
   (You found it on level 5 of the Dungeon)

   [amulet of faith]

   It allows you to gain divine favour quickly.
   It affects your dexterity (+4).
   It affects your accuracy and damage with ranged weapons and melee attacks
   (+2).
 G - an uncursed amulet of magic regeneration {unknown}
 K - an uncursed ring of stealth
 M - an uncursed amulet of guardian spirit {unknown}
 R - a ring of resist corrosion (right branch)
 V - an uncursed ring of willpower
Wands
 x - a wand of random effects (13)
 C - a wand of acid (7)
 E - a wand of iceblast (10)
 L - a wand of paralysis (6)
 W - a wand of polymorph (9)
Scrolls
 g - 3 scrolls of identify
 i - 11 scrolls of remove curse
 k - 6 scrolls of teleportation
 l - 4 scrolls of blinking
 m - 6 scrolls of fear
 p - 2 scrolls of fog
 q - 8 scrolls of magic mapping
 w - 4 scrolls of enchant armour
 A - 4 scrolls of amnesia
 F - 2 scrolls of immolation
 U - a scroll of vulnerability
 Z - a scroll of brand weapon {unknown}
Potions
 b - a potion of resistance {unknown}
 n - 4 potions of curing
 o - a potion of magic
 u - 3 potions of mutation
 z - 2 potions of attraction
 I - a potion of flight
 N - 2 potions of brilliance


   Skills:
 - Level 10.0(15.0) Fighting
 - Level 12.1(17.1) Short Blades
 - Level 5.2(10.2) Armour
 + Level 5.4(10.4) Shields
 - Level 8.4 Invocations


You had 11 spell levels left.
You didn't know any spells.
Your spell library contained the following spells:

 Spells                   Type           Power        Failure   Level
 Sting                    Tmut/Pois      0%           58%         1
 Poisonous Vapours        Pois/Air       0%           73%         2
 Confusing Touch          Hex            0%           91%         3
 Gell's Gravitas          Tloc           0%           91%         3
 Ignite Poison            Fire/Tmut/Pois 0%           91%         3
 Mephitic Cloud           Conj/Pois/Air  0%           91%         3
 Olgreb's Toxic Radiance  Pois           0%           100%        4
 Petrify                  Tmut/Erth      0%           100%        4
 Metabolic Englaciation   Hex/Ice        0%           100%        5
 Yara's Violent Unravell  Hex/Tmut       0%           100%        5


Dungeon Overview and Level Annotations

Branches:
Dungeon (12/15)            Temple (0/1) D:7            Lair (0/6) D:8
    Orc (2/2) D:12            Elf (0/3) Orc:2         Sewer (visited)

Altars:
Dithmenos
Elyvilon
Gozag
Hepliaklqana
Nemelex Xobeh
Okawaru
Qazlal
Ru
Trog
Vehumet
Beogh

Shops:
D:4 [   D:6 }


Innate Abilities, Weirdness & Mutations

((You have razor-sharp teeth.))
You heal very quickly.
When hurt, damage is shared between your health and your magic reserves.
((Your bite disrupts and absorbs the magic of your enemies.))
Potions cannot restore your health.


Message History

The ufetubus hits you but does no damage.
The ufetubus hits you.
* * * LOW HITPOINT WARNING * * *
The ufetubus hits you but does no damage.
You feel very mighty all of a sudden.
The ufetubus hits you but does no damage.
You block the ufetubus's attack. The ynoxinul hits you!
* * * LOW HITPOINT WARNING * * *
The hellwing hits you!
* * * LOW HITPOINT WARNING * * *
You block the hellwing's attack. The ufetubus hits you.
* * * LOW HITPOINT WARNING * * *
The ufetubus hits you.
* * * LOW HITPOINT WARNING * * *
The ufetubus hits you but does no damage. x2
The orc wizard mumbles some strange words.
The orc wizard blinks!
You block the orc high priest's attack. The rust devil barely misses you.
You block the orc wizard's attack. The ufetubus hits you.
You die...

....#............
........................
.........................
.........................
.........................
......§..............[...
..#..#o.5............).).
......545o.......#.....).
......o4♣5...............
...#..o3o5...............
..#...55................
........§.........#.....#
...................#.....
#.....................#.....
#.................).........
#.................#.#.....#.
#....................#...###


You could see an orc high priest, a hellwing (summoned), a rust devil
(summoned), a ynoxinul (summoned), an orc warrior, 2 orc wizards, an orc and 7
ufetubi.

Vanquished Creatures
  Josephine (Orc:2)
  A hydra (D:11)
  A two-headed ogre (Orc:2)
  2 tengu warriors (D:12)
  An orc high priest (Orc:1)
  Pikel (D:7)
  2 orc knights (D:12)
  3 ugly things
  A gargoyle (D:12)
  A queen bee (shapeshifter) (D:12)
  A hornet (D:9)
  4 trolls
  Prince Ribbit (D:7)
  A meliai zombie (D:10)
  2 shadows
  A water elemental (D:11)
  3 wraiths (Orc:2)
  6 yaks (D:11)
  2 steam dragons
  An acid dragon (D:12)
  15 orc warriors
  4 water moccasins
  2 ice beasts
  2 sky beasts
  A black bear (D:9)
  A phantom (D:12)
  8 ogres
  7 centaurs
  2 lemures (D:7)
  2 big kobolds (D:10)
  5 bullfrogs
  2 scorpions
  3 water moccasin skeletons
  9 killer bees (D:9)
  2 howler monkeys (D:11)
  3 electric eels (D:11)
  4 wights (D:10)
  7 bullfrog zombies
  6 hounds
  3 jellies
  A gnoll shaman (D:10)
  14 orc priests
  11 orc wizards
  2 bullfrog skeletons
  2 centaur skeletons
  3 iguanas
  Natasha (thrice) (D:4)
  6 worker ants
  A killer bee zombie (D:10)
  A worker ant zombie (D:7)
  14 adders
  9 gnolls
  2 river rats (Sewer)
  3 shadow imps
  2 white imps
  An ufetubus (D:6)
  An ooze (D:3)
  An adder skeleton (D:10)
  3 worms
  3 dart slugs (D:1)
  16 leopard geckos
  66 orcs
  8 ball pythons
  8 giant cockroaches
  7 goblins
  10 hobgoblins
  23 jackals
  5 quokkas
  6 bats
  10 frilled lizards
  A jackal skeleton (D:5)
  17 kobolds
  A leopard gecko skeleton (D:5)
  A quokka skeleton (D:4)
  12 rats
398 creatures vanquished.

Notes
Turn   | Place    | Note
-------+----------+-------------------------------------------
     0 | D:1      | Brandiur the Vine Stalker Fighter began the quest for the
                  | Orb.
     0 | D:1      | Reached XP level 1. HP: 11/11 MP: 2/2
    84 | D:1      | Reached XP level 2. HP: 16/16 MP: 3/3
    86 | D:1      | Reached skill level 2 in Short Blades
   279 | D:1      | Reached XP level 3. HP: 8/20 MP: 4/4
  1135 | D:2      | Reached skill level 3 in Short Blades
  1202 | D:2      | Gained mutation: Your natural rate of healing is unusually
                  | fast. [Vine Stalker growth]
  1202 | D:2      | Reached XP level 4. HP: 24/24 MP: 5/5
  1430 | D:2      | Found a white marble altar of Elyvilon.
  1430 | D:2      | Found an iron altar of Okawaru.
  1626 | D:2      | Became a worshipper of Warmaster Okawaru
  1724 | D:3      | Reached XP level 5. HP: 28/28 MP: 6/6
  1725 | D:3      | Reached skill level 4 in Short Blades
  2012 | D:3      | Found a glowing drain.
  2035 | Sewer    | Entered a sewer
  2961 | D:4      | Reached skill level 1 in Invocations
  2961 | D:4      | Reached XP level 6. HP: 31/32 MP: 7/7
  3015 | D:4      | Reached skill level 5 in Short Blades
  3118 | D:4      | Noticed Natasha
  3130 | D:4      | Killed Natasha
  3152 | D:4      | Found Cyfaatoa's Armour Shoppe.
  3196 | D:4      | Got a sparkling silver ring
  3443 | D:4      | Noticed Natasha
  3453 | D:4      | Killed Natasha
  3567 | D:4      | Reached * piety under Okawaru
  3757 | D:4      | Noticed Natasha
  3802 | D:4      | Killed Natasha
  3894 | D:5      | Entered Level 5 of the Dungeon
  3910 | D:5      | Noticed an ice beast
  3940 | D:5      | Killed an ice beast
  3941 | D:5      | Reached XP level 7. HP: 26/36 MP: 8/10
  4160 | D:5      | Found a sparkling altar of Nemelex Xobeh.
  4279 | D:5      | Got a slimy ruby amulet
  4638 | D:5      | Reached skill level 6 in Short Blades
  5122 | D:6      | Found Numonuy's Gadget Boutique.
  5215 | D:6      | Reached ** piety under Okawaru
  5216 | D:6      | Gained mutation: You have razor-sharp teeth. [Vine Stalker
                  | growth]
  5216 | D:6      | Reached XP level 8. HP: 40/40 MP: 12/12
  5263 | D:6      | Reached skill level 5 in Invocations
  5453 | D:6      | Found an opulent altar of Gozag.
  5548 | D:6      | Found a hazy altar of Hepliaklqana.
  5564 | D:6      | Found a radiant altar of Vehumet.
  5586 | D:6      | Reached skill level 7 in Short Blades
  5616 | D:6      | Found a bloodstained altar of Trog.
  5820 | D:6      | Found a sacrificial altar of Ru.
  6198 | D:7      | Noticed Prince Ribbit
  6213 | D:7      | Killed Prince Ribbit
  6470 | D:7      | Reached skill level 8 in Short Blades
  6470 | D:7      | Reached XP level 9. HP: 44/44 MP: 13/15
  6524 | D:7      | Noticed Pikel
  6550 | D:7      | Killed Pikel
  6550 | D:7      | Reached *** piety under Okawaru
  6634 | D:7      | Found a staircase to the Ecumenical Temple.
  7493 | D:8      | Found a staircase to the Lair.
  7562 | D:8      | Found a stormy altar of Qazlal.
  7650 | D:8      | Reached skill level 9 in Short Blades
  7963 | D:8      | Found a shadowy altar of Dithmenos.
  8012 | D:9      | Noticed a troll
  8027 | D:9      | Killed a troll
  8028 | D:9      | Reached XP level 10. HP: 34/49 MP: 11/17
  8030 | D:9      | Reached skill level 10 in Short Blades
  8116 | D:9      | Reached **** piety under Okawaru
  9303 | D:9      | Identified the amulet of Haokopal {Faith Dex+4 Slay+2} (You
                  | found it on level 5 of the Dungeon)
  9305 | D:9      | Identified the ring "Fiekat" {Wiz +Inv rPois Will- Stlth+}
                  | (You found it on level 4 of the Dungeon)
  9543 | D:10     | Entered Level 10 of the Dungeon
  9705 | D:10     | Reached skill level 5 in Armour
  9901 | D:10     | Reached ***** piety under Okawaru
  9975 | D:10     | Reached skill level 5 in Fighting
 10445 | D:10     | Got a polished ring mail
 10456 | D:10     | Identified the +2 ring mail of Space {rF++ Slay+2} (You
                  | found it on level 10 of the Dungeon)
 10481 | D:11     | Noticed a brown ugly thing
 10506 | D:10     | Killed a brown ugly thing
 10506 | D:10     | Received a gift from Okawaru
 10507 | D:10     | Reached XP level 11. HP: 45/58 MP: 13/18
 10690 | D:11     | Noticed a cyan ugly thing
 10712 | D:11     | Killed a cyan ugly thing
 10795 | D:11     | Noticed a six-headed hydra
 10809 | D:11     | Killed a six-headed hydra
 11262 | D:12     | Noticed an orc knight
 11264 | D:12     | Noticed an orc knight
 11319 | D:11     | Noticed a white ugly thing
 11347 | D:11     | Killed a white ugly thing
 11698 | D:11     | Reached skill level 10 in Fighting
 11884 | D:12     | Killed an orc knight
 11884 | D:12     | Received a gift from Okawaru
 11888 | D:12     | Got a dazzling dagger {god gift}
 11889 | D:12     | Identified the +5 dagger of Exquisite Torment {pain, rElec
                  | rPois Str+6} (Okawaru gifted it to you on level 12 of the
                  | Dungeon)
 11906 | D:12     | Found a roughly hewn altar of Beogh.
 11909 | D:12     | Found a staircase to the Orcish Mines.
 11915 | D:12     | Noticed a tengu warrior
 11920 | D:12     | Noticed a tengu warrior
 11928 | D:12     | Killed an orc knight
 11928 | D:12     | Reached ****** piety under Okawaru
 11954 | D:12     | Killed a tengu warrior
 11955 | D:12     | Reached skill level 11 in Short Blades
 11965 | D:12     | Killed a tengu warrior
 11966 | D:12     | Gained mutation: You heal very quickly. [Vine Stalker
                  | growth]
 11966 | D:12     | Reached XP level 12. HP: 32/67 MP: 16/19
 12296 | Orc:1    | Entered Level 1 of the Orcish Mines
 12304 | D:12     | Received a gift from Okawaru
 12570 | Orc:2    | Entered Level 2 of the Orcish Mines
 12584 | Orc:2    | Noticed Josephine
 12595 | Orc:2    | Killed Josephine
 12596 | Orc:2    | Reached skill level 12 in Short Blades
 12729 | Orc:2    | Found a staircase to the Elven Halls.
 12800 | Orc:2    | Noticed a two-headed ogre
 12809 | Orc:2    | Killed a two-headed ogre
 12897 | Orc:2    | Noticed an orc high priest
 12897 | Orc:2    | Noticed an orc high priest
 12897 | Orc:2    | Noticed an orc high priest
 12947 | Orc:2    | Noticed a soul eater
 12955 | Orc:1    | Killed an orc high priest
 12956 | Orc:1    | Reached skill level 5 in Shields
 13138 | Orc:2    | HP: 5/100 [hellwing[an orc high priest] (7)]
 13138 | Orc:2    | HP: 1/100 [ufetubus[an orc high priest] (2)]
 13138 | Orc:2    | Slain by an ufetubus

Illustrated notes

Levels and vault maps discovered:
D:1:      minmay_arrival_jagged, layout_rooms
D:2:      kennysheep_big_flooded_room, layout_basic,
          chequers_temple_overflow_statue_of_worship, serial_glass,
          glass_columns_c, glass_columns_a, minmay_pentomino_o2
D:3:      layout_loops_ring, cheibrodos_sewer_entry_drain,
          kennysheep_generic_room_4
D:4:      layout_basic, serial_shops, shop, uniq_natasha
D:5:      layout_layer_cave, st_stairs_13, nemelex_diamond_rough_becter
D:6:      layout_basic, kennysheep_mini, nicolae_ru_the_path_less_chosen,
          grunt_gozag_statues, nzn_hepliaklqana_mist_gate, serial_shops,
          kennysheep_little_box, serial_park_tiny_pond, lemuel_tele_altar
D:7:      layout_basic, minmay_temple_entry_tees, uniq_prince_ribbit1,
          uniq_pikel
D:8:      layout_cave_pools, nicolae_qazlal_style_of_elements, lair_entry_dummy,
          nicolae_dithmenos_through_a_glass_darkly
D:9:      layout_irregular_city
D:10:     layout_loops_ring, kennysheep_generic_room_13
D:11:     layout_basic, gauntlet_entry_generic
D:12:     layout_basic, david_orc_5
Orc:1:    layout_caves, uniq_urug
Orc:2:    st_orc_mages, layout_caves, statue_in_the_mist_lemuel, uniq_josephine

Skill      XL: |  1  2  3  4  5  6  7  8  9 10 11 12 |
---------------+-------------------------------------+-----
Short Blades   | 2 3 4 5 6 8 9 10 11 12 | 12.1
Shields        | 3 5 |  5.4
Fighting       | 3 6 10 | 10.0
Invocations    | 1 3 4 6 8 |  8.4
Armour         | 5 |  5.2

Action                   |  1- 3 |  4- 6 |  7- 9 | 10-12 || total
-------------------------+-------+-------+-------+-------++-------
Melee: Rapier            |    49 |       |       |       ||    49
       Bite              |    22 |    97 |   180 |   314 ||   613
       Dagger            |    55 |   331 |   466 |   216 ||  1068
       Short sword       |       |       |    68 |   516 ||   584
Invok: Heroism           |       |       |     2 |     2 ||     4
  Use: Potion            |       |       |       |     6 ||     6
       Scroll            |       |       |       |    18 ||    18
Armor: Scale mail        |    41 |    62 |       |       ||   103
       Chain mail        |       |    55 |   249 |   170 ||   474
       Ring mail         |       |       |       |   146 ||   146
       Skin              |       |       |       |    10 ||    10
Dodge: Dodged            |    26 |    68 |    88 |   186 ||   368
Block: Kite shield       |    47 |   127 |   205 |   357 ||   736
